 Dungeon Crawl Stone Soup version 0.32-a0-747-gc8563f6773 (webtiles) character file.

Game seed: 7130227156428475771

2209995 MrSquiggles the Ninja (level 27, 194/194 HPs)
             Began as a Demonspawn Necromancer on Mar 14, 2024.
             Was the Champion of Vehumet.
             Escaped with the Orb
             ... and 4 runes on Mar 17, 2024!
             The game lasted 08:33:42 (79902 turns).

MrSquiggles the Ninja (Demonspawn Necromancer)     Turns: 79902, Time: 08:33:43

Health: 194/194    AC: 24    Str: 10      XL:     27
Magic:  46/46      EV: 19    Int: 25      God:    Vehumet [******]
Gold:   5011       SH:  8    Dex: 18 (19) Spells: 0/65 levels left

rFire   + + .        b - staff of Uskayaw, Hurtling {rPois rF+ SInv Fire}
rCold   + + .        V - +3 buckler {AC+3}
rNeg    + + +        C - +5 ring mail of the Sky {Regen+ rCorr Stlth+}
rPois   +            N - -2 hat of the Alchemist {rElec rPois rF+ rC+ rN+ Will+ rMut rCorr}
rElec   +            r - +2 cloak
rCorr   +            (gloves unavailable)
SInv    +            L - +2 pair of boots {Stlth+}
Will    ++++.        f - amulet of regeneration
Stlth   ++++         s - ring "Kisiut" {Fly Will+ Dex+2}
HPRegen 2.12/turn    W - ring "Peusk" {Fly rElec rN++ EV+5}
MPRegen 0.60/turn

%: resist mutation, guardian spirit
@: flying, hasted, studying 2 skills, very quick
A: claws 3, icy blue scales 3, demonic guardian 3, augmentation 3, magic shield,
magic regeneration, magic link, talons 1, deterioration 1
0: Orb of Zot
}: 4/15 runes: serpentine, barnacled, slimy, silver
a: Renounce Religion


You escaped.
You worshipped Vehumet.
Vehumet was exalted by your worship.
You visited 12 branches of the dungeon, and saw 56 of its levels.
You visited the Abyss 1 time.
You visited 1 bazaar.
You also visited: Trove, Sewer, Bailey, Ice Cave and Wizlab.

You collected 9896 gold pieces.
You spent 4885 gold pieces at shops.

Inventory:

Hand Weapons
 a - the +5 dagger of Leupotou {drain, rN+ rCorr}
   (You found it on level 10 of the Dungeon)

   rN+:       It protects you from negative energy.
   rCorr:     It protects you from acid and corrosion.
 e - a +9 dagger of venom
 i - the +7 captain's cutlass {speed, disarm}
   (You found it on level 5 of the Pits of Slime)
Missiles
 D - 8 throwing nets
Armour
 r - a +2 cloak (worn)
 C - the +5 ring mail of the Sky (worn) {Regen+ rCorr Stlth+}
   (You found it on level 4 of the Snake Pit)

   Regen+:    It increases your rate of health regeneration.
   rCorr:     It protects you from acid and corrosion.
   Stlth+:    It makes you more stealthy.
 L - a +2 pair of boots of stealth (worn)
 N - the -2 hat of the Alchemist (worn) {rElec rPois rF+ rC+ rN+ Will+ rMut rCorr}
   (You found it on level 15 of the Dungeon)

   rF+:       It protects you from fire.
   rC+:       It protects you from cold.
   rElec:     It insulates you from electricity.
   rPois:     It protects you from poison.
   rN+:       It protects you from negative energy.
   Will+:     It increases your willpower.
   rCorr:     It protects you from acid and corrosion.
   rMut:      It protects you from mutation.
 V - a +3 buckler of protection (worn)
Magical Staves
 b - the staff of Uskayaw, Hurtling (weapon) {rPois rF+ SInv Fire}
   (You found it on level 3 of the Elven Halls)

   [staff of fire]

   Base accuracy: +5 Base damage: 5 Base attack delay: 1.2 This weapon's minimum
   attack delay (0.6) is reached at skill level 12.
   rF+:       It protects you from fire.
   rPois:     It protects you from poison.
   SInv:      It lets you see invisible.
   Fire:      It increases the power of your Fire spells.
   It falls into the 'Staves' category.
   It is a one-handed weapon.
Jewellery
 c - the ring of Roefunus {rElec rF- rN++ SInv}
   (You bought it in a shop in a bazaar)

   [ring of see invisible]

   rF-:       It makes you vulnerable to fire.
   rElec:     It insulates you from electricity.
   rN++:      It greatly protects you from negative energy.
   SInv:      It lets you see invisible.
 f - an amulet of regeneration (around neck)
 g - the ring of Zin's Indignation {rN+ Will- Int+7}
   (You took it off a deep elf high priest on level 3 of the Elven Halls)

   [ring of positive energy]

   Int+7:     It affects your intelligence (+7).
   rN+:       It protects you from negative energy.
   Will-:     It decreases your willpower.
 n - a ring of protection from cold
 s - the ring "Kisiut" (left claw) {Fly Will+ Dex+2}
   (You took it off a merfolk impaler on level 3 of the Shoals)

   [ring of flight]

   Dex+2:     It affects your dexterity (+2).
   Will+:     It increases your willpower.
   Fly:       It grants you flight.
 t - an amulet of the acrobat
 B - a +6 ring of dexterity
 J - a ring of resist corrosion
 T - the ring "Desorhap" {rPois EV+5}
   (You acquired it on level 4 of the Lair of Beasts)

   [ring of evasion]

   EV+5:      It affects your evasion (+5).
   rPois:     It protects you from poison.
 W - the ring "Peusk" (right claw) {Fly rElec rN++ EV+5}
   (You found it on level 3 of the Crypt)

   [ring of evasion]

   EV+5:      It affects your evasion (+5).
   rElec:     It insulates you from electricity.
   rN++:      It greatly protects you from negative energy.
   Fly:       It grants you flight.
Scrolls
 d - 4 scrolls of poison
 q - 2 scrolls of summoning
 w - 7 scrolls of teleportation
 y - 7 scrolls of torment
 E - 5 scrolls of immolation
 H - a scroll of revelation
 M - 4 scrolls of vulnerability
 O - 3 scrolls of fear
 Q - a scroll of acquirement
 S - 13 scrolls of enchant armour
 Y - 13 scrolls of fog
 Z - 3 scrolls of silence
Potions
 h - 4 potions of haste
 j - 8 potions of resistance
 k - 8 potions of magic
 l - 17 potions of curing
 m - 8 potions of lignification
 o - 5 potions of heal wounds
 u - 2 potions of mutation
 v - 9 potions of brilliance
 z - 3 potions of ambrosia
 A - 3 potions of cancellation
 F - 12 potions of attraction
 G - 5 potions of might
 I - 9 potions of enlightenment
 K - 5 potions of invisibility
Miscellaneous
 x - a phial of floods
 P - a sack of spiders
 R - a lightning rod (4/4)
 U - a phantom mirror
 X - a tin of tremorstones (2/2)


   Skills:
 - Level 11.0 Fighting
 - Level 14.1 Short Blades
 - Level 11.0 Armour
 - Level 11.0 Dodging
 O Level 27 Stealth
 - Level 5.0 Shields
 - Level 19.5 Spellcasting
 - Level 7.8 Conjurations
 - Level 2.0 Summonings
 + Level 17.7 Necromancy
 - Level 2.0 Translocations
 - Level 4.7 Fire Magic
 + Level 20.0 Air Magic
 - Level 15.0 Earth Magic
 - Level 7.1 Alchemy
 - Level 9.0 Evocations


You couldn't memorise any spells.
You knew the following spells:

 Your Spells              Type           Power      Damage    Failure   Level
a - Stone Arrow           Conj/Erth      100%       3d13      1%          3
b - Vampiric Draining     Necr           100%       2d13      0%          3
c - Kiss of Death         Conj/Necr      100%       2d13      1%          1
d - Animate Dead          Necr           100%       N/A       1%          4
e - Dispel Undead         Necr           100%       3d31      1%          4
f - Magic Dart            Conj           100%       1d8       1%          1
g - Blink                 Tloc           100%       N/A       3%          2
h - Call Imp              Summ           100%       N/A       3%          2
i - Sublimation of Blood  Necr           100%       N/A       0%          2
j - Sandblast             Erth           100%       2d20      0%          1
k - Irradiate             Conj/Alch      47%        3d27      1%          5
l - Olgreb's Toxic Radia  Alch           93%        N/A       1%          4
m - Petrify               Alch/Erth      100%       N/A       1%          4
n - Lee's Rapid Deconstr  Erth           60%        3d28*     1%          5
o - Ignite Poison         Fire/Alch      100%       N/A       1%          4
p - Maxwell's Capacitive  Air            67%        ∞         2%          8
q - Death Channel         Necr           64%        N/A       1%          6
r - Bombard               Conj/Erth      54%        9d9       2%          6

Your spell library contained the following spells:

 Spells                   Type           Power      Damage    Failure   Level
 Lehudib's Crystal Spear  Conj/Erth      54%        10d13     58%         8
 Shatter                  Erth           60%        3d45*     94%         9
 Fire Storm               Conj/Fire      55%        8d14      100%        9
 Necrotise                Necr           100%       1d9       0%          1
 Shock                    Conj/Air       100%       1d9       0%          1
 Fugue of the Fallen      Necr           100%       N/A       0%          3
 Swiftness                Air            100%       N/A       0%          3
 Airstrike                Air            67%        2d(10-26) 0%          4
 Foxfire                  Conj/Fire      100%       2x1d9     1%          1
 Freeze                   Ice            100%       1d10      1%          1
 Sting                    Conj/Alch      100%       1d9       1%          1
 Cigotuvi's Dreadful Rot  Necr/Alch/Air  100%       N/A       1%          2
 Mercury Vapours          Alch/Air       100%       N/A       1%          2
 Momentum Strike          Conj/Tloc      100%       3d10      1%          2
 Scorch                   Fire           100%       2d9       1%          2
 Hailstorm                Conj/Ice       77%        3d13      1%          3
 Inner Flame              Hex/Fire       88%        N/A       1%          3
 Passwall                 Erth           100%       N/A       1%          3
 Volatile Blastmotes      Fire/Tloc      100%       2d18      1%          3
 Brom's Barrelling Bould  Conj/Erth      100%       2d11      1%          4
 Flame Wave               Conj/Fire      100%       2d21      1%          4
 Iskenderun's Mystic Bla  Conj/Tloc      82%        2d16      1%          4
 Leda's Liquefaction      Alch/Erth      54%        N/A       1%          4
 Martyr's Knell           Necr/Summ      100%       N/A       1%          4
 Sticky Flame             Fire/Alch      100%       2d15      1%          4
 Vhi's Electric Charge    Tloc/Air       100%       N/A       1%          4
 Curse of Agony           Necr           100%       N/A       1%          5
 Iskenderun's Battlesphe  Conj           96%        2d14      1%          5
 Conjure Ball Lightning   Conj/Air       59%        3x3d21    1%          6
 Plasma Beam              Fire/Air       68%        2x1d85    1%          6
 Summon Small Mammal      Summ           100%       N/A       2%          1
 Lesser Beckoning         Tloc           100%       N/A       3%          2
 Fireball                 Conj/Fire      55%        3d21      3%          5
 Frozen Ramparts          Ice            100%       1d16      4%          3
 Call Canine Familiar     Summ           66%        N/A       7%          3
 Gell's Gravitas          Tloc           66%        N/A       7%          3
 Teleport Other           Tloc           66%        N/A       7%          3
 Ensorcelled Hibernation  Hex/Ice        100%       N/A       9%          2
 Summon Ice Beast         Ice/Summ       59%        N/A       11%         3
 Permafrost Eruption      Ice/Erth       47%        2x4d13    11%         6
 Eringya's Noxious Bog    Alch           46%        4d6       12%         6
 Summon Blazeheart Golem  Fire/Summ      95%        N/A       13%         4
 Confusing Touch          Hex            52%        N/A       16%         3
 Ozocubu's Armour         Ice            52%        N/A       16%         3
 Sigil of Binding         Hex            52%        N/A       16%         3
 Tukima's Dance           Hex            52%        N/A       16%         3
 Starburst                Conj/Fire      55%        6d15      16%         6
 Manifold Assault         Tloc           66%        N/A       24%         4
 Dimensional Bullseye     Hex/Tloc       29%        N/A       34%         4
 Orb of Destruction       Conj           48%        9d13      41%         7
 Summon Forest            Summ/Tloc      33%        N/A       54%         5
 Summon Mana Viper        Hex/Summ       59%        N/A       69%         5
 Spellforged Servitor     Conj/Summ      41%        N/A       80%         7
 Metabolic Englaciation   Hex/Ice        26%        N/A       83%         5
 Sculpt Simulacrum        Ice/Alch       37%        N/A       88%         6
 Dispersal                Tloc           33%        N/A       98%         6
 Summon Cactus Giant      Summ           33%        N/A       98%         6
 Death's Door             Necr           64%        N/A       98%         9
 Malign Gateway           Summ/Tloc      33%        N/A       100%        7
 Summon Hydra             Summ           33%        N/A       100%        7
 Ignition                 Fire           51%        3d14      100%        8
 Summon Horrible Things   Summ           33%        N/A       100%        8


Dungeon Overview and Level Annotations

Branches:
Dungeon (15/15)            Temple (1/1) D:4            Lair (5/5) D:8
 Shoals (4/4) Lair:3        Snake (4/4) Lair:2        Slime (5/5) Lair:5
    Orc (2/2) D:10            Elf (3/3) Orc:2        Vaults (5/5) D:13
  Crypt (3/3) Vaults:2       Tomb (0/3) Crypt:3      Depths (4/4) D:15
    Zot (5/5) Depths:4      Sewer (visited)          Bailey (visited)
  IceCv (visited)          WizLab (visited)

Altars:
Ashenzari
Cheibriados
Dithmenos
Fedhas
Gozag
Hepliaklqana
Kikubaaqudgha
Makhleb
Nemelex Xobeh
Okawaru
Qazlal
Ru
Sif Muna
Trog
Uskayaw
Vehumet
Wu Jian
Xom
Yredelemnul
Jiyva
Lugonu

Shops:
D:12 [   Orc:2 :[?:   Shoals:1 *   Shoals:3 (   Snake:4 =(   Vaults:2 *
Vaults:3 (   Vaults:5 ?!!*[:!   Depths:3 (   Depths:4 :

Portals:
Hell: Depths:1 Depths:2 Depths:3 Depths:4
Abyss: Depths:3
Pandemonium: Depths:1 Depths:2 Depths:4
Ziggurat: Depths:3

Annotations:
Snake:2 Vashnia
Crypt:2 Zenata


Innate Abilities, Weirdness & Mutations

You have claws for hands.
You are completely covered in icy blue scales. (AC +4, rC+)
A powerful demonic guardian rushes to your aid.
Your magical and physical power is greatly enhanced at high health.
When hurt, damage is shared between your health and your magic reserves.
You regenerate magic rapidly.
When low on magic, you restore magic in place of health.
You have sharp toenails.
Your body sometimes deteriorates upon taking damage.


Message History

You fly upwards.
There is a stone staircase leading down here.
An Oweddyxypt and a sixfirhy come into view.
Press: ? - help, v - describe, . - travel
Here: Oweddyxypt The floor.
Okay, then.
Unknown command.
Blink to where?
Press: ? - help, Dir - move target
As you read the scroll of blinking, it crumbles to dust.
Oweddyxypt moves out of view.
The sixfirhy moves out of view.
You feel yourself speed up.
There is a stone staircase leading up here.
You fly upwards.
There is a stone staircase leading down here.
There is an open door here.
There is an open door here.
Your extra speed is starting to run out.
You feel yourself slow down.
There is a stone staircase leading up here.
You fly upwards.
There is a stone staircase leading down here.
A cacodemon, 2 sixfirhies and an orange demon come into view.
There is a stone staircase leading up here.
You fly upwards.
There is a stone staircase leading down here.
Zoenuy comes into view.
Press: ? - help, v - describe, . - travel
Here: Zoenuy (surrounded by thunder, fire blocked by a translucent stone wall)
The floor.
Okay, then.
Unknown command.
You feel yourself speed up.
A hellwing comes into view.
An ice devil comes into view.
Blink to where?
Press: ? - help, Dir - move target
As you read the scroll of blinking, it crumbles to dust.
You have escaped!

#######################
#.....................#
#...ß...ß.............#
#..........#########..#
#.⌠......⌠.#≈≈≈≈S≈≈#§..
####..(..@....#A≈≈≈≈≈≈#&§.
#..#.⌠......4.#≈≈≈≈≈≈≈#§§.
#..#..........#########§§#
#..#...ß...ß...4....§§§§§#
#..#................§§§§.#
#..#######################
#......# #.# #.####.# #.#
#.# ##'#####.# #######


You could see an angel, a hellwing and an ice devil.

Vanquished Creatures
  the Royal Jelly (Slime:5)
  A dread lich (Zot:5)
  6 orbs of fire
  6 ancient liches
  Boris (Vaults:4)
  Parghit (Zot:1)
  A Head Instructor (WizLab)
  6 Killer Klowns
  Bai Suzhen (Crypt:2)
  Vv (Zot:1)
  The ghost of Farquar the Slayer, a veteran MiWn of Dithmenos (Depths:4)
  5 curse toes
  Saint Roka (Depths:1)
  Nikola (Vaults:2)
  6 golden dragons
  A Tzitzimitl (Depths:3)
  3 electric golems
  15 tentacled monstrosities
  6 titans (Vaults:5)
  23 Orb Guardians
  5 liches
  4 sphinxes
  4 deep elf blademasters
  2 tentacled starspawn (Abyss:2)
  5 acid blobs (Slime:5)
  2 krakens
  11 quicksilver dragons
  5 ancient champions
  2 deep elf master archers
  10 death cobs
  13 shadow dragons
  Donald (Shoals:2)
  13 tengu reavers
  Agnes (Elf:2)
  8 draconian monks
  7 protean progenitors
  7 storm dragons
  7 azure jellies
  5 revenants
  6 rockslimes (Slime:5)
  4 nagarajas (Snake:4)
  4 frost giants
  11 deep elf sorcerers
  Roxanne (Snake:1)
  5 draconian knights
  4 draconian scorchers
  4 ghost moths
  5 fire giants
  2 juggernaut zombies
  4 draconian shifters
  3 iron dragons
  2 curse skulls (Crypt:3)
  A spectral caustic shrike (Crypt:3)
  11 ghouls
  An angel (D:14)
  A draconian stormcaller (Zot:4)
  A caustic shrike zombie (Crypt:2)
  13 vault wardens
  5 orc warlords
  12 very ugly things
  8 deep elf elementalists (Elf:3)
  A spriggan defender (Depths:3)
  A draconian annihilator (Zot:3)
  2 caustic shrike skeletons
  11 stone giants
  4 quicksilver oozes
  3 juggernaut skeletons (Depths:2)
  2 ironbound thunderhulks
  A formless jellyfish (Slime:4)
  10 green draconians
  13 vampire knights
  5 deep elf death magi
  15 ironbound preservers
  6 deep elf demonologists
  Nessos (Orc:2)
  9 deep elf annihilators
  7 black draconians
  3 yellow draconians
  9 white draconians
  3 demonspawn black suns (Zot:1)
  9 purple draconians
  2 war gargoyles (Vaults:5)
  A minotaur (Lair:3)
  3 red draconians
  5 dire elephants
  Snorg (D:11)
  3 eidola
  11 merfolk impalers
  2 merfolk javelineers (Shoals:4)
  6 fire dragons
  3 jiangshi
  2 entropy weavers
  12 yaktaur captains
  A quicksilver dragon skeleton (Crypt:2)
  12 ettins
  A spriggan zombie (Crypt:3)
  Fannar (D:10)
  8 deep elf high priests
  A spectral spriggan (Crypt:3)
  3 rakshasas
  26 vault guards
  A peacekeeper (Vaults:2)
  A caustic shrike simulacrum (Crypt:3)
  A catoblepas (Lair:1)
  2 hell beasts
  Harold (Lair:2)
  10 great orbs of eyes
  3 spriggan skeletons
  2 ice dragons (Depths:4)
  3 hydras
  3 merfolk avatars
  A salamander tyrant (Snake:4)
  4 ironbound frosthearts
  5 ogre magi
  15 centaur warriors
  A sphinx skeleton (Depths:2)
  3 spriggan air magi
  3 boulder beetles
  9 merfolk aquamancers
  13 anacondas
  10 two-headed ogres
  9 vampire magi
  5 tengu warriors
  31 dancing weapons
  2 satyrs
  5 deep troll shamans
  8 naga warriors
  A thrashing horror (Abyss:2)
  10 deep troll earth magi
  5 death yaks
  2 occultists
  2 starcursed masses (Abyss:2)
  A quicksilver ooze zombie (Crypt:1)
  13 naga sharpshooters
  A spriggan berserker (Depths:4)
  3 soul eaters
  A fire crab (shapeshifter) (Vaults:5)
  4 hell knights
  7 shock serpents
  12 deep elf knights
  3 skysharks (Shoals:2)
  28 shadow wraiths
  2 titan skeletons (Depths:2)
  A wretched star (Abyss:2)
  A storm dragon skeleton (Crypt:2)
  6 iron trolls
  3 salamander mystics
  2 sixfirhies
  8 sea snakes
  A spectral anaconda (Crypt:3)
  52 deep trolls
  A shining eye (shapeshifter) (Vaults:5)
  2 goliath frogs (Zot:2)
  35 skeletal warriors
  4 shadow demons
  5 flayed ghosts
  7 arcanists
  3 golden dragon skeletons
  5 deep elf archers
  5 bog bodies
  10 mana vipers
  4 glowing orange brains
  8 naga ritualists
  17 ironbound convokers
  A shadow dragon zombie (Crypt:2)
  8 lindwurms
  5 necromancers
  5 thermic dynamos
  4 harpies (Shoals:3)
  Pikel (D:7)
  5 large abominations (Abyss:2)
  18 deep elf pyromancers
  2 orc sorcerers
  A tengu skeleton (Depths:2)
  24 phantasmal warriors
  2 stone giant zombies
  16 ugly things
  29 deep elf zephyrmancers
  A worldbinder (Abyss:2)
  7 cyclopes
  An oklob plant (Lair:3)
  2 wolf spiders (D:15)
  4 shining eyes
  26 orc knights
  3 iron dragon skeletons
  11 manticores
  A meliai (shapeshifter) (D:15)
  7 salamanders
  6 elephants (Lair:4)
  5 fauns
  A shadow dragon skeleton (Vaults:2)
  2 dire elephant zombies (Crypt:3)
  Maurice (Orc:2)
  6 merfolk sirens
  12 moths of wrath
  An eleionoma skeleton (Crypt:2)
  A naga zombie (Crypt:3)
  A toenail golem (Zot:3)
  2 kobold blastminers (Orc:2)
  2 fire giant skeletons (Depths:2)
  8 guardian serpents
  2 frost giant skeletons (Depths:2)
  12 naga magi
  A spectral centaur (Crypt:3)
  2 apocalypse crabs
  A centaur zombie (Crypt:3)
  12 vault sentinels
  A gargoyle (D:14)
  A goliath frog skeleton (Crypt:1)
  A stone giant skeleton (Vaults:2)
  2 eyes of devastation (Zot:3)
  A torpor snail (Lair:2)
  A water nymph (shapeshifter) (Vaults:5)
  21 black mambas
  An elf skeleton (Vaults:2)
  4 water nymphs
  Maggie (D:7)
  9 cane toads
  An alligator snapping turtle zombie (Crypt:3)
  4 komodo dragons
  A smoke demon (Abyss:2)
  A dire elephant skeleton (Crypt:3)
  An unseen horror (shapeshifter) (D:13)
  3 human skeletons (Vaults:2)
  5 unseen horrors
  20 yaktaurs
  7 freezing wraiths
  3 tengu conjurers
  An ice devil (Lair:1)
  A spectral harpy (Crypt:3)
  A harpy zombie (Crypt:2)
  A hydra zombie (Crypt:3)
  6 trolls
  A yellow draconian skeleton (Crypt:3)
  3 ancient zymes (Abyss:2)
  2 yaktaur skeletons (Vaults:2)
  3 hornets (Lair:5)
  A guardian mummy (Crypt:3)
  An iron troll skeleton (Crypt:3)
  3 polar bears (Lair:5)
  23 merfolk
  2 tyrant leeches (Zot:4)
  A wind drake (shapeshifter) (D:14)
  9 wind drakes
  Prince Ribbit (D:9)
  A raiju (shapeshifter) (D:14)
  5 snapping turtles
  A boulder beetle zombie (Crypt:2)
  A harpy skeleton (Crypt:2)
  19 dream sheep
  5 glass eyes
  13 blink frogs (Lair:5)
  A black mamba zombie (Crypt:3)
  57 slime creatures
  An air elemental (Elf:2)
  A vampire (Abyss:2)
  8 water elementals
  39 yaks
  7 spriggans (Lair:5)
  7 wyverns
  6 wraiths
  12 shadows
  A slime creature zombie (Slime:3)
  2 ynoxinuls (Abyss:2)
  2 fire elementals (Elf:1)
  4 golden eyes (Slime:4)
  3 wargs
  A basilisk (Lair:3)
  12 vampire mosquitoes
  2 steam dragons (D:8)
  2 chaos spawn (Abyss:2)
  A harpy simulacrum (Crypt:3)
  32 nagas
  10 water moccasins
  4 glowing shapeshifter skeletons
  A naga skeleton (Crypt:2)
  2 black bears (Lair:5)
  A dream sheep zombie (Crypt:3)
  27 orc warriors
  A manticore zombie (Crypt:1)
  A small abomination (Abyss:2)
  7 boggarts
  26 laughing skulls
  13 ogres
  25 wolves
  11 centaurs
  4 lemures (D:6)
  3 phantoms
  2 kobold brigands
  2 komodo dragon zombies
  9 weeping skulls (Crypt:3)
  A fire crab zombie (Crypt:2)
  14 bullfrogs
  A wyvern zombie (Lair:4)
  2 earth elementals
  2 gnoll sergeants
  A water moccasin skeleton (Crypt:2)
  16 wights
  An elephant simulacrum (Lair:1)
  6 killer bees
  2 troll zombies (D:10)
  4 howler monkeys
  An electric eel (Lair:4)
  A bombardier beetle (shapeshifter) (Elf:1)
  A bombardier beetle (D:5)
  A jelly (Lair:5)
  A quasit (Abyss:2)
  2 human zombies
  8 orc priests
  2 hounds
  2 iguanas (D:6)
  A basilisk zombie (Lair:3)
  A black bear zombie (Crypt:1)
  A centaur skeleton (Crypt:2)
  16 orc wizards
  A sleepcap (D:5)
  2 spriggan simulacra
  6 ogre zombies (D:10)
  9 adders
  12 gnolls
  9 river rats
  A shadow imp (D:8)
  A white imp (D:4)
  4 ufetubi
  A lava snake zombie (Crypt:3)
  2 ribbon worms (D:4)
  A ribbon worm (shapeshifter) (Elf:1)
  A dart slug (D:1)
  69 orcs
  10 ball pythons
  7 bats
  6 endoplasms
  2 giant cockroaches
  3 goblins
  A hobgoblin (D:4)
  3 quokkas
  3 frilled lizards
  7 gnoll skeletons
  6 gnoll zombies (D:10)
  A goblin zombie (Crypt:3)
  12 kobolds
  An orc skeleton (D:10)
  13 orc zombies (D:10)
  25 rats
  An aspiring flesh (Zot:2)
  A butterfly (Lair:1)
  A lurking horror (Abyss:2)
  2 starspawn tentacles (Abyss:2)
  8 tentacles
2078 creatures vanquished.

Vanquished Creatures (collateral kills)
  A dread lich (Vaults:5)
  An ancient lich (Zot:5)
  A Killer Klown (Zot:3)
  An Ice Fiend (Zot:5)
  Jorgrun (Snake:2)
  5 tentacled monstrosities
  4 Orb Guardians (Zot:5)
  A lich (Depths:3)
  10 acid blobs
  A tentacled starspawn (Abyss:2)
  4 tengu reavers
  Aizul (Elf:2)
  2 storm dragons
  2 nagarajas
  4 shadow dragons
  2 azure jellies
  A protean progenitor (Zot:2)
  2 draconian monks
  3 rockslimes (Slime:5)
  2 fire giants
  A draconian knight (Zot:3)
  3 frost giants
  A draconian shifter (Zot:1)
  A draconian scorcher (Zot:2)
  A ghost moth (Zot:2)
  5 vault wardens
  2 orc warlords
  A deep elf elementalist (Elf:3)
  2 draconian stormcallers
  4 quicksilver oozes (Slime:5)
  2 draconian annihilators
  A very ugly thing (Depths:3)
  7 ironbound preservers
  The ghost of Meuluz the Fighter, a journeyman GnWn of Sif Muna (Lair:3)
  3 stone giants
  The ghost of elongatedgoose the Unseen, a journeyman SpBr of Uskayaw (Shoals:1)
  6 green draconians
  3 ironbound thunderhulks
  A formless jellyfish (Slime:4)
  2 black draconians (Zot:2)
  A deep elf annihilator (Vaults:1)
  2 red draconians
  2 war gargoyles (Vaults:5)
  2 white draconians
  2 yellow draconians
  A merfolk javelineer (Shoals:4)
  3 merfolk impalers
  2 jiangshi (Depths:2)
  A yaktaur captain (Vaults:4)
  A fire dragon (Depths:4)
  A deep elf high priest (Elf:3)
  2 great orbs of eyes
  A rakshasa (Depths:4)
  An ice dragon (Depths:2)
  A vault guard (Vaults:5)
  An alligator snapping turtle (Shoals:2)
  2 salamander tyrants
  A centaur warrior (Shoals:3)
  An ogre mage (Vaults:5)
  3 dancing weapons
  An ironbound frostheart (Vaults:2)
  A merfolk aquamancer (Shoals:4)
  7 anacondas
  2 deep troll earth magi
  A two-headed ogre (D:11)
  A satyr (Shoals:3)
  A death yak (Lair:4)
  A vampire mage (Depths:2)
  3 naga sharpshooters
  An orc high priest (Orc:1)
  A shock serpent (Snake:4)
  A naga warrior (Snake:2)
  A hell knight (Vaults:1)
  A deep elf knight (Elf:3)
  A titan skeleton (Depths:2)
  A salamander mystic (Depths:4)
  3 iron trolls
  2 skysharks (Shoals:2)
  A skyshark (shapeshifter) (Depths:3)
  A skeletal warrior (Depths:2)
  Lodul (D:11)
  A sixfirhy (D:12)
  2 glowing orange brains
  11 deep trolls
  An arcanist (D:13)
  An orc knight (Depths:1)
  4 naga ritualists
  10 mana vipers
  4 sea snakes
  A shadow demon (Depths:2)
  2 thermic dynamos (Elf:3)
  A phantasmal warrior (Vaults:4)
  8 harpies
  A deep elf zephyrmancer (Elf:3)
  2 ironbound convokers
  A lindwurm (Vaults:2)
  A golden dragon skeleton (Depths:2)
  A shadow dragon skeleton (Depths:2)
  4 manticores
  11 ugly things
  2 cyclopes
  3 salamanders
  A large abomination (Abyss:2)
  14 moths of wrath
  4 fauns
  2 shining eyes (Slime:4)
  An apocalypse crab (Shoals:3)
  11 black mambas
  A guardian serpent (Snake:4)
  A water nymph (shapeshifter) (Vaults:5)
  A frost giant skeleton (Depths:2)
  2 vault sentinels
  5 naga magi
  A torpor snail (Lair:3)
  A water nymph (Shoals:4)
  An eye of devastation (Slime:5)
  3 cane toads
  3 rime drakes
  A yaktaur (Vaults:4)
  2 komodo dragons
  An efreet (D:13)
  2 polar bears
  2 wind drakes
  5 merfolk
  4 blink frogs
  3 hornets (Lair:5)
  6 dream sheep
  A snapping turtle (Shoals:1)
  A deep troll zombie (Depths:2)
  25 slime creatures
  8 spriggans
  7 water elementals
  4 wyverns
  4 basilisks
  7 yaks
  7 golden eyes
  2 vampire mosquitoes (D:10)
  A redback (Vaults:1)
  2 neqoxecs (Abyss:2)
  8 water moccasins
  20 nagas
  7 orc warriors
  A black bear (Lair:5)
  A laughing skull (Depths:2)
  12 wolves
  A boggart (Lair:5)
  5 ogres
  4 bullfrogs
  An earth elemental (Elf:2)
  A howler monkey (D:11)
  An electric eel (Lair:3)
  A jelly (Lair:5)
  An orc priest (Orc:2)
  An orc wizard (D:11)
  A gnoll (D:11)
  2 adders
  5 orcs
  An endoplasm (Sewer)
  2 giant cockroaches
  3 training dummies (Shoals:3)
  2 ball pythons (Sewer)
  A frilled lizard (Sewer)
  3 kobolds (D:9)
  14 rats
  A butterfly (Lair:1)
480 creatures vanquished.

Vanquished Creatures (others)
  4 Killer Klown zombies
  A rockslime zombie (Slime:5)
  5 acid blob zombies (Slime:5)
  8 very ugly thing zombies
  A fire dragon (Depths:3)
  A deep elf high priest (Elf:3)
  9 Orb Guardian zombies (Zot:5)
  2 quicksilver ooze zombies
  2 titan zombies (Vaults:5)
  An azure jelly zombie (Slime:4)
  2 storm dragon zombies
  2 spriggan zombies
  3 anaconda zombies
  A deep elf archer (Elf:3)
  7 ugly thing zombies
  2 iron dragon zombies
  An ironbound convoker (Vaults:2)
  6 stone giant zombies
  3 fire giant zombies
  3 draconian zombies
  A frost giant zombie (Vaults:1)
  2 formless jellyfish zombies (Slime:4)
  6 mana viper zombies
  3 shock serpent zombies
  A yellow draconian zombie (Zot:5)
  2 black draconian zombies
  2 red draconian zombies
  A green draconian zombie (Zot:2)
  3 yaktaur zombies
  2 white draconian zombies
  3 sea snake zombies
  3 iron troll zombies
  2 unseen horror zombies
  7 harpy zombies (Shoals:3)
  6 great orb of eyes zombies
  6 moth of wrath zombies
  An ice dragon zombie (Depths:4)
  A boulder beetle zombie (Zot:5)
  5 ettin zombies
  A satyr zombie (Shoals:3)
  A guardian serpent zombie (Snake:4)
  7 black mamba zombies
  9 slime creature zombies
  A water elemental (Elf:3)
  2 wind drake zombies (Shoals:4)
  A faun zombie (Shoals:3)
  43 human zombies
  A water nymph zombie (Shoals:2)
  6 tengu zombies
  19 merfolk zombies
  7 two-headed ogre zombies
  A skyshark zombie (Shoals:2)
  17 deep troll zombies
  A cane toad zombie (Lair:5)
  2 lindwurm zombies
  6 blink frog zombies (Lair:5)
  31 elf zombies
  6 dream sheep zombies
  A centaur (Orc:2)
  A kobold zombie (Orc:2)
  5 salamander zombies
  2 apocalypse crab zombies
  A wyvern zombie (Lair:5)
  A cyclops zombie (D:11)
  A troll zombie (Orc:1)
  6 water moccasin zombies
  9 yak zombies
  4 wolf zombies
  7 centaur zombies
  3 bullfrog zombies
  An orc wizard (Orc:2)
  2 killer bee zombies
  13 ogre zombies
  31 naga zombies
  A steam dragon zombie (D:8)
  A bombardier beetle zombie (D:5)
  4 gnoll zombies (Bailey)
  33 orc zombies
  12 starspawn tentacles (Abyss:2)
  13 tentacles
435 creatures vanquished.

Grand Total: 2993 creatures vanquished

Notes
Turn   | Place    | Note
-------+----------+-------------------------------------------
     0 | D:1      | MrSquiggles the Demonspawn Necromancer began the quest for
                  | the Orb.
     0 | D:1      | Reached XP level 1. HP: 13/13 MP: 3/3
     1 | D:1      | Noticed an electric eel
   214 | D:1      | Gained mutation: You regenerate magic rapidly. [demonic
                  | ancestry]
   214 | D:1      | Reached XP level 2. HP: 19/19 MP: 0/5
  1595 | D:2      | Reached skill level 5 in Necromancy
  1615 | D:2      | Gained mutation: You are partially covered in icy blue
                  | scales. (AC +2) [demonic ancestry]
  1615 | D:2      | Reached XP level 3. HP: 24/24 MP: 1/6
  1769 | D:2      | Learned a level 3 spell: Vampiric Draining
  1909 | D:3      | Found an iron altar of Okawaru.
  2100 | D:3      | Gained mutation: Your muscles are strong. (Str +4, Int/Dex
                  | -1) [potion of mutation]
  2125 | D:3      | Gained mutation: You have sharp fingernails. [demonic
                  | ancestry]
  2125 | D:3      | Reached XP level 4. HP: 20/30 MP: 2/7
  2295 | D:3      | Found a shadowy altar of Dithmenos.
  2339 | D:3      | Found a faded altar of an unknown god.
  2720 | D:3      | You fall into a shaft and drop 1 floor!
  2768 | D:4      | Identified a scroll of acquirement
  2768 | D:4      | Acquired a +1 pair of gloves of dexterity
  2781 | D:4      | Learned a level 4 spell: Animate Dead
  3201 | D:4      | Found an ancient bone altar of Kikubaaqudgha.
  3351 | D:4      | Found an ornate altar of the Wu Jian Council.
  3357 | D:4      | Found a broken altar of Ashenzari.
  3363 | D:4      | Found a snail-covered altar of Cheibriados.
  3532 | D:4      | Found a staircase to the Ecumenical Temple.
  3541 | Temple   | Entered the Ecumenical Temple
  4034 | D:4      | Gained mutation: You are mostly covered in icy blue scales.
                  | (AC +3) [demonic ancestry]
  4034 | D:4      | Reached XP level 5. HP: 35/35 MP: 6/9
  4179 | D:4      | Noticed a phantom
  4405 | D:4      | Killed a phantom
  4587 | D:4      | Learned a level 1 spell: Kiss of Death
  4634 | D:5      | Entered Level 5 of the Dungeon
  4675 | D:5      | Noticed an ogre
  4703 | D:5      | Killed an ogre
  4704 | D:5      | Reached XP level 6. HP: 34/41 MP: 0/11
  4871 | D:6      | Noticed a water moccasin
  4877 | D:6      | Killed a water moccasin
  4969 | D:6      | Gained mutation: When hurt, damage is shared between your
                  | health and your magic reserves. [demonic ancestry]
  4969 | D:6      | Reached XP level 7. HP: 46/46 MP: 10/12
  5039 | D:6      | Learned a level 4 spell: Dispel Undead
  5223 | D:6      | Found a glowing drain.
  5276 | Sewer    | Entered a sewer
  5517 | Sewer    | Reached XP level 8. HP: 42/52 MP: 4/14
  5652 | D:7      | Noticed Pikel
  5701 | D:7      | Killed Pikel
  5702 | D:7      | Reached skill level 5 in Dodging
  5702 | D:7      | Reached skill level 5 in Spellcasting
  5729 | D:7      | Found a sparkling altar of Nemelex Xobeh.
  5800 | D:7      | Found a flagged portal.
  5825 | Bailey   | Entered a bailey
  5946 | Bailey   | Reached skill level 10 in Necromancy
  6308 | Bailey   | Noticed an orc knight
  6379 | Bailey   | Killed an orc knight
  6380 | Bailey   | Gained mutation: You have very sharp fingernails. [demonic
                  | ancestry]
  6380 | Bailey   | Reached XP level 9. HP: 32/57 MP: 5/17
  6662 | D:7      | Learned a level 1 spell: Magic Dart
  6873 | D:5      | Reached skill level 1 in Conjurations
  7628 | D:7      | Noticed Maggie
  7651 | D:7      | Killed Maggie
  7900 | D:7      | Learned a level 2 spell: Blink
  7903 | D:7      | Learned a level 2 spell: Call Imp
  8004 | D:8      | Reached skill level 1 in Summonings
  8013 | D:8      | Reached skill level 1 in Translocations
  8125 | D:8      | Found a staircase to the Lair.
  8154 | D:8      | Reached XP level 10. HP: 25/63 MP: 12/20
  8223 | D:7      | Reached skill level 5 in Conjurations
  8742 | D:8      | Found an opulent altar of Gozag.
  9434 | D:9      | Found a stormy altar of Qazlal.
  9579 | D:10     | Entered Level 10 of the Dungeon
  9607 | D:10     | Learned a level 2 spell: Sublimation of Blood
  9626 | D:10     | Identified the +5 dagger of Leupotou {drain, rN+ rCorr}
  9682 | D:10     | Found a radiant altar of Vehumet.
  9687 | D:10     | Became a worshipper of Vehumet
  9752 | D:9      | Noticed a two-headed ogre
  9857 | D:9      | Killed a two-headed ogre
  9858 | D:9      | Reached skill level 1 in Alchemy
 10135 | D:9      | Noticed a two-headed ogre
 10151 | D:9      | Killed a two-headed ogre
 10273 | D:9      | Found the amulet of Elemental Vulnerability {rPois rF--
                  | rC-- AC+8}
 10811 | D:9      | Noticed Prince Ribbit
 10852 | D:9      | Gained mutation: You are completely covered in icy blue
                  | scales. (AC +4, rC+) [demonic ancestry]
 10852 | D:9      | Reached XP level 11. HP: 68/68 MP: 17/22
 10930 | D:9      | Killed Prince Ribbit
 11676 | D:10     | Found a staircase to the Orcish Mines.
 11695 | D:10     | Reached skill level 1 in Shields
 11733 | D:10     | Reached * piety under Vehumet
 11733 | D:10     | Offered knowledge of Sandblast by Vehumet.
 11738 | D:10     | Learned a level 1 spell: Sandblast
 12474 | D:10     | Noticed Fannar
 12511 | D:10     | Reached skill level 1 in Earth Magic
 12557 | D:10     | Upgraded the game from 0.32-a0-705-g60f233581c to
                  | 0.32-a0-711-g016ad743e0
 12587 | D:10     | Reached ** piety under Vehumet
 12587 | D:10     | Offered knowledge of Foxfire by Vehumet.
 12964 | Lair:1   | Entered Level 1 of the Lair of Beasts
 13334 | Lair:1   | Found a frozen archway.
 13370 | IceCv    | Entered an ice cave
 13522 | Lair:1   | Learned a level 5 spell: Irradiate
 13577 | Lair:1   | Reached skill level 5 in Alchemy
 13938 | Lair:1   | Noticed a catoblepas
 14728 | Lair:2   | Noticed Harold
 14753 | Lair:2   | Killed Harold
 15510 | Lair:2   | Noticed a death yak
 15552 | Lair:2   | Killed a death yak
 15552 | Lair:2   | Offered knowledge of Stone Arrow by Vehumet.
 15553 | Lair:2   | Reached XP level 12. HP: 74/74 MP: 24/24
 15928 | Lair:2   | Found a staircase to the Snake Pit.
 16136 | Lair:2   | Learned a level 3 spell: Stone Arrow
 16240 | Lair:3   | Noticed a four-headed hydra
 16246 | Lair:3   | Killed a four-headed hydra
 16254 | Lair:3   | Reached skill level 5 in Earth Magic
 16317 | Lair:3   | Reached *** piety under Vehumet
 16624 | Lair:3   | Reached skill level 1 in Fighting
 16624 | Lair:3   | Reached skill level 1 in Armour
 16859 | Lair:3   | Offered knowledge of Olgreb's Toxic Radiance by Vehumet.
 17051 | Lair:3   | Noticed a minotaur
 17053 | Lair:3   | Noticed Meuluz's ghost (journeyman GnWn)
 17109 | Lair:3   | Found a runed translucent gate.
 17109 | Lair:3   | Found a runed translucent gate.
 17109 | Lair:3   | Found a runed translucent gate.
 17240 | Lair:3   | Found a staircase to the Shoals.
 17809 | Lair:4   | Reached skill level 5 in Shields
 17827 | Lair:4   | Reached XP level 13. HP: 75/86 MP: 10/26
 17998 | Lair:4   | Reached skill level 10 in Spellcasting
 18013 | Lair:4   | Reached **** piety under Vehumet
 18026 | Lair:4   | Learned a level 4 spell: Olgreb's Toxic Radiance
 18231 | Lair:4   | Offered knowledge of Frozen Ramparts by Vehumet.
 18799 | Lair:4   | Acquired the ring "Desorhap" {rPois EV+5}
 18807 | Lair:5   | Entered Level 5 of the Lair of Beasts
 18844 | Lair:5   | Reached skill level 10 in Dodging
 19337 | Lair:5   | Reached skill level 5 in Fighting
 19397 | Lair:5   | Reached ***** piety under Vehumet
 19400 | Lair:5   | Offered knowledge of Iskenderun's Battlesphere by Vehumet.
 19519 | Lair:5   | Reached skill level 5 in Armour
 19959 | Lair:5   | Reached XP level 14. HP: 90/99 MP: 27/29
 20065 | Lair:5   | Found a staircase to the Slime Pits.
 20658 | D:10     | Killed Fannar
 21160 | D:10     | Found a staircase to the Orcish Mines.
 21349 | D:10     | Found a radiant altar of Vehumet.
 21629 | Orc:1    | Entered Level 1 of the Orcish Mines
 22160 | Orc:1    | Learned a level 4 spell: Petrify
 22161 | Orc:2    | Entered Level 2 of the Orcish Mines
 22161 | Orc:2    | Noticed Maurice
 22173 | Orc:2    | Killed Maurice
 22268 | Orc:2    | Noticed Nessos
 22289 | Orc:2    | Offered knowledge of Arcjolt by Vehumet.
 22290 | Orc:2    | Killed Nessos
 22534 | Orc:2    | Reached skill level 2 in Stealth
 22542 | Orc:2    | Found Fuosu's Magic Scroll Emporium.
 22542 | Orc:2    | Found Riykhlad's Armour Boutique.
 22544 | Orc:2    | Found Ilaok's Book Shop.
 22546 | Orc:2    | Found Efuwau's Book Shoppe.
 22729 | Orc:2    | Found a staircase to the Elven Halls.
 22811 | Orc:2    | Found a bloodstained altar of Trog.
 23358 | D:11     | Noticed Lodul
 23371 | D:11     | Killed Lodul
 23375 | D:11     | Reached skill level 3 in Stealth
 24153 | D:11     | Noticed Snorg
 24164 | D:11     | Your ally Lodul died
 24174 | D:11     | Killed Snorg
 24895 | D:12     | Identified the +0 leather armour of Ahulureom {rC++ Str+3
                  | Dex+3}
 25321 | D:12     | Reached skill level 4 in Stealth
 25366 | D:12     | Found Harph's Armour Shoppe.
 26623 | D:13     | Offered knowledge of Freezing Cloud by Vehumet.
 26724 | D:13     | Reached XP level 15. HP: 110/110 MP: 29/32
 26899 | D:13     | Found a gate to the Vaults.
 27270 | D:14     | Identified the +4 battleaxe "Ocec" {freeze, +Blink rF+
                  | Str+3}
 27282 | D:14     | Identified the scarf of Autumn {+Inv, rPois rN+}
 27776 | Orc:2    | Bought a book of the Earth for 504 gold pieces
 27782 | Orc:2    | Learned a level 5 spell: Lee's Rapid Deconstruction
 28383 | D:14     | Reached skill level 5 in Stealth
 28559 | D:15     | Entered Level 15 of the Dungeon
 28717 | D:15     | Found a sacrificial altar of Ru.
 28741 | D:15     | Found the -2 hat of the Alchemist {rElec rPois rF+ rC+ rN+
                  | Will+ rMut rCorr}
 28851 | D:15     | Found a staircase to the Depths.
 30246 | Snake:1  | Entered Level 1 of the Snake Pit
 30273 | Snake:1  | Found a flickering gateway to a bazaar.
 30295 | Bazaar   | Entered a bazaar
 30295 | Bazaar   | Found Ehacoat's Jewellery Shop.
 30295 | Bazaar   | Found Gedemn's Jewellery Shop.
 30295 | Bazaar   | Found Iluh's Jewellery Shoppe.
 30297 | Bazaar   | Found Wacudi's Antique Weapon Boutique.
 30369 | Bazaar   | Bought the ring of Roefunus {rElec rF- rN++ SInv} for 585
                  | gold pieces
 30455 | Snake:1  | Noticed Roxanne
 30489 | Snake:1  | Killed Roxanne
 31111 | Snake:1  | Reached skill level 10 in Fighting
 31368 | Snake:2  | Noticed Vashnia
 31470 | Snake:2  | Noticed Jorgrun
 31479 | Snake:2  | Killed Jorgrun
 31728 | Snake:2  | Reached skill level 10 in Armour
 31728 | Snake:2  | Gained mutation: Your magical and physical power is
                  | slightly enhanced at high health. [demonic ancestry]
 31728 | Snake:2  | Reached XP level 16. HP: 51/124 MP: 10/34
 32934 | Snake:3  | Offered knowledge of Yara's Violent Unravelling by Vehumet.
 33067 | Snake:3  | HP: 3/125 [constriction (4)]
 33067 | Snake:3  | HP: 1/125 [constriction (2)]
 33998 | Snake:4  | Entered Level 4 of the Snake Pit
 34067 | Snake:4  | Reached skill level 15 in Spellcasting
 34119 | Snake:4  | Identified the +5 ring mail of the Sky {Regen+ rCorr
                  | Stlth+}
 34504 | Snake:4  | Found Oggisere's Weapon Shoppe.
 34506 | Snake:4  | Found Rick's Armour Emporium.
 34509 | Snake:4  | Found Totusch's Jewellery Shoppe.
 34547 | Snake:4  | Offered knowledge of Conjure Ball Lightning by Vehumet.
 34577 | Snake:4  | Learned a level 4 spell: Ignite Poison
 34627 | Snake:4  | Reached skill level 1 in Short Blades
 35178 | Snake:4  | Reached skill level 6 in Stealth
 35597 | Snake:4  | Reached XP level 17. HP: 43/131 MP: 5/36
 36129 | Snake:4  | Reached skill level 7 in Stealth
 37035 | Snake:4  | Found an iron altar of Okawaru.
 37053 | Snake:4  | Got a serpentine rune of Zot
 37556 | Lair:3   | Killed Meuluz's ghost
 37834 | Lair:1   | Reached skill level 5 in Short Blades
 38006 | Shoals:1 | Entered Level 1 of the Shoals
 38420 | Shoals:1 | Reached skill level 1 in Fire Magic
 38432 | Shoals:1 | Reached skill level 8 in Stealth
 38573 | Shoals:1 | Found a large runed translucent door.
 38573 | Shoals:1 | Found a large runed translucent door.
 38582 | Shoals:1 | Noticed elongatedgoose's ghost (journeyman SpBr)
 38585 | Shoals:1 | Found Zeex's CLEARANCE SALE!.
 38596 | Shoals:1 | Bought a +1 pair of boots of stealth for 49 gold pieces
 38596 | Shoals:1 | Bought a scroll of enchant armour for 22 gold pieces
 38596 | Shoals:1 | Bought a scroll of revelation for 22 gold pieces
 38868 | Shoals:1 | Killed elongatedgoose's ghost
 39253 | Shoals:2 | Offered knowledge of Spellforged Servitor by Vehumet.
 39302 | Shoals:2 | Noticed Donald
 39310 | Shoals:2 | Killed Donald
 40051 | Shoals:2 | Reached ****** piety under Vehumet
 40422 | Shoals:3 | Reached skill level 9 in Stealth
 40452 | Shoals:3 | Found Qasig's Firing Range.
 40461 | Shoals:3 | Bought a throwing net for 51 gold pieces
 40461 | Shoals:3 | Bought a throwing net for 51 gold pieces
 40590 | Shoals:3 | Got the Anthology of Sweltering Inhalation
 40834 | Shoals:3 | Noticed a tentacled monstrosity
 40837 | Shoals:3 | Identified the ring "Kisiut" {Fly Will+ Dex+2}
 40842 | Shoals:3 | Gained mutation: Your magical and physical power is
                  | enhanced at high health. [demonic ancestry]
 40842 | Shoals:3 | Reached XP level 18. HP: 129/138 MP: 10/38
 40845 | Shoals:3 | Offered knowledge of Maxwell's Capacitive Coupling by
                  | Vehumet.
 40867 | Shoals:3 | Killed a tentacled monstrosity
 40875 | Shoals:3 | Got the Spellbook of Mad Ravings
 41603 | Shoals:4 | Entered Level 4 of the Shoals
 41727 | Shoals:4 | Identified the +6 great mace "Vidouhy" {speed, Fly Str+4}
 41880 | Shoals:4 | Got a barnacled rune of Zot
 43131 | Elf:1    | Entered Level 1 of the Elven Halls
 43262 | Elf:1    | Learned a level 8 spell: Maxwell's Capacitive Coupling
 43322 | Elf:1    | Reached skill level 1 in Evocations
 43432 | Elf:1    | Reached skill level 1 in Air Magic
 43441 | Elf:1    | Offered knowledge of Lehudib's Crystal Spear by Vehumet.
 43441 | Elf:1    | Offered knowledge of Fire Storm by Vehumet.
 43441 | Elf:1    | Offered knowledge of Shatter by Vehumet.
 43460 | Elf:1    | Identified the serpent talisman "Ittozev" {*Corrode +Blink
                  | Slay+3 SInv}
 44051 | Elf:2    | Noticed Agnes
 44053 | Elf:2    | Killed Agnes
 44134 | Elf:2    | Identified the serpent talisman of Cedu {Will+}
 44134 | Elf:2    | Noticed Aizul
 44143 | Elf:2    | Killed Aizul
 44185 | Elf:2    | Your ally Agnes died
 44188 | Elf:2    | Reached skill level 10 in Stealth
 44884 | Elf:2    | Found a runed translucent gate.
 44884 | Elf:2    | Found a runed translucent gate.
 44884 | Elf:2    | Found a runed translucent gate.
 45117 | Elf:3    | Entered Level 3 of the Elven Halls
 45250 | Elf:3    | Found a magical portal.
 45265 | WizLab   | Entered Yara's Duelist Academy
 45266 | WizLab   | Upgraded the game from 0.32-a0-711-g016ad743e0 to
                  | 0.32-a0-732-ga344392067
 45338 | WizLab   | Gained mutation: A weak demonic guardian rushes to your
                  | aid. [demonic ancestry]
 45338 | WizLab   | Reached XP level 19. HP: 143/143 MP: 35/41
 45656 | WizLab   | Identified the ring "Fuyram" {rN+++ rCorr AC+4 Str-3 Dex-3}
 45782 | WizLab   | Noticed Rifel
 45794 | WizLab   | Killed Rifel the Head Instructor
 46026 | Elf:3    | Reached skill level 5 in Evocations
 46245 | Elf:3    | Reached skill level 11 in Stealth
 46431 | Elf:3    | Reached skill level 5 in Air Magic
 46490 | Elf:3    | Reached skill level 10 in Short Blades
 46535 | Elf:3    | Identified the staff "Rerela Ifai" {rElec Int+3 Conj Air}
 46631 | Elf:3    | Identified the +5 great sword of Scorn {speed, rElec rC+}
 46632 | Abyss:2  | Cast into level 2 of the Abyss (a deep elf sorcerer)
 46691 | Abyss:2  | Found a corrupted altar of Lugonu.
 46693 | Abyss:2  | Found a corrupted altar of Lugonu.
 46693 | Abyss:2  | Found a corrupted altar of Lugonu.
 47127 | Elf:3    | Escaped the Abyss
 47221 | Elf:3    | Reached skill level 12 in Stealth
 47271 | Elf:3    | Identified the +2 ring mail "Soofey" {Str+6 Int-3 Stlth+}
 47864 | Elf:3    | Identified the +3 quick blade of Actus Reus {distort, rF+}
 47917 | Elf:3    | Identified the ring of Zin's Indignation {rN+ Will- Int+7}
 48015 | Elf:3    | Found the +3 hat of Pondering {ponderous, Will+ MP+10
                  | Int+5}
 48039 | Elf:3    | Identified the staff of Uskayaw, Hurtling {rPois rF+ SInv
                  | Fire}
 48208 | Elf:3    | Reached skill level 13 in Stealth
 48241 | Elf:3    | Gained mutation: You have claws for hands. [demonic
                  | ancestry]
 48241 | Elf:3    | Reached XP level 20. HP: 111/150 MP: 20/42
 50227 | Vaults:1 | Entered Level 1 of the Vaults
 50316 | Vaults:1 | You are sucked into a shaft and drop 1 floor!
 50320 | Vaults:2 | Identified the +2 hat "Oshisid" {Harm rPois Int-3 Stlth+}
 50322 | Vaults:2 | Identified the +0 hat "Diqem" {+Blink rN++ Int-3}
 50328 | Vaults:2 | Found a radiant altar of Vehumet.
 50356 | Vaults:2 | Identified the +3 hat of Pragmatism {Dex+3 SInv}
 50357 | Vaults:2 | Identified the +0 hat of Rotation {+Blink rElec Will-
                  | Slay+5}
 50360 | Vaults:2 | Identified the +0 robe of Articulation {Rampage}
 50362 | Vaults:2 | Identified the +1 robe of Sunlight {rCorr}
 50384 | Vaults:2 | Identified the +1 hat of Gafusami {+Inv rF+}
 50400 | Vaults:2 | Noticed Nikola
 50412 | Vaults:2 | Killed Nikola
 50538 | Vaults:2 | Found Ozurah's Assorted Antiques.
 50541 | Vaults:2 | Bought a potion of might for 128 gold pieces
 50541 | Vaults:2 | Bought a potion of curing for 96 gold pieces
 50541 | Vaults:2 | Bought a potion of might for 128 gold pieces
 50626 | Vaults:2 | Reached skill level 14 in Stealth
 51373 | Vaults:2 | Reached skill level 15 in Stealth
 51587 | Vaults:2 | Reached skill level 10 in Air Magic
 51675 | Vaults:2 | Found a staircase to the Crypt.
 51784 | Vaults:2 | Reached skill level 16 in Stealth
 52404 | Vaults:1 | Found a portal to a secret trove of treasure.
 52597 | Vaults:1 | Reached skill level 17 in Stealth
 53588 | Vaults:3 | Gained mutation: Your magical and physical power is greatly
                  | enhanced at high health. [demonic ancestry]
 53588 | Vaults:3 | Reached XP level 21. HP: 156/156 MP: 41/43
 53604 | Vaults:3 | Reached skill level 18 in Stealth
 54709 | Vaults:3 | Found Hegim's Weapon Shop.
 55209 | Vaults:3 | Reached skill level 19 in Stealth
 56374 | Vaults:4 | Identified the +2 robe "Ymaluosodgh" {Int+5 Dex+4}
 56374 | Vaults:4 | Noticed Boris
 56401 | Vaults:4 | Killed Boris
 56999 | Crypt:1  | Entered Level 1 of the Crypt
 57609 | Crypt:1  | Reached skill level 20 in Stealth
 58493 | Crypt:2  | Noticed Bai Suzhen
 58708 | Crypt:2  | Killed Bai Suzhen
 58709 | Crypt:2  | Gained mutation: When low on magic, you restore magic in
                  | place of health. [demonic ancestry]
 58709 | Crypt:2  | Reached XP level 22. HP: 163/163 MP: 44/44
 59359 | Crypt:2  | Noticed Zenata
 59546 | Crypt:3  | Entered Level 3 of the Crypt
 59798 | Crypt:3  | Found a basalt altar of Yredelemnul.
 60150 | Crypt:3  | Reached skill level 15 in Air Magic
 60436 | Crypt:3  | Found a basalt altar of Yredelemnul.
 60454 | Crypt:3  | Reached skill level 21 in Stealth
 60742 | Crypt:3  | Identified the +0 pair of boots of the Kettle-Drum {rN+
                  | SInv Stlth+}
 60761 | Crypt:3  | Found the +5 scythe "Finisher" {speed, execute}
 60795 | Crypt:3  | Identified the ring "Arphoapn" {*Corrode rPois rN++ Will+}
 60795 | Crypt:3  | Identified the ring "Peusk" {Fly rElec rN++ EV+5}
 60795 | Crypt:3  | Identified the ring of Finality {Fire rN++ Str+2}
 61126 | Crypt:3  | Found a staircase to the Tomb.
 61496 | Depths:1 | Entered Level 1 of the Depths
 61549 | Depths:1 | Found a gateway to Hell.
 61636 | Depths:1 | You fall into a shaft and drop 1 floor!
 61692 | Depths:1 | Noticed Saint Roka
 61703 | Depths:1 | Killed Saint Roka
 61967 | Depths:1 | Found a shimmering blue altar of Sif Muna.
 62240 | Depths:1 | Found a one-way gate leading to the halls of Pandemonium.
 62328 | Depths:2 | Gained mutation: A demonic guardian rushes to your aid.
                  | [demonic ancestry]
 62328 | Depths:2 | Reached XP level 23. HP: 151/169 MP: 31/45
 62331 | Depths:2 | Reached skill level 22 in Stealth
 63759 | Depths:3 | Found a one-way gateway to a ziggurat.
 63812 | Depths:3 | Found Guttol's Antique Weapon Boutique.
 64215 | Depths:3 | Found a shadowy altar of Dithmenos.
 64215 | Depths:3 | Found the +0 cloak of the Thief {Quiet Slay-3 SInv Stlth+}
 64377 | Depths:3 | Identified the +0 shadow dragon scales of Apathy {^Drain
                  | rPois Will++ Dex+3 Stlth++++}
 64439 | Depths:3 | Found a corrupted altar of Lugonu.
 64439 | Depths:3 | Found a one-way gate to the infinite horrors of the Abyss.
 64569 | Depths:4 | Entered Level 4 of the Depths
 64699 | Depths:4 | Noticed Farquar's ghost (veteran MiWn)
 64841 | Depths:4 | Found a transporter.
 64890 | Depths:4 | Found a transporter.
 65058 | Depths:4 | Learned a level 6 spell: Death Channel
 65231 | Depths:4 | Found Pitsier's Book Shoppe.
 65234 | Depths:4 | Bought a manual of Earth Magic for 1440 gold pieces
 65563 | Depths:4 | Reached skill level 23 in Stealth
 65566 | Depths:4 | Found a gate to the Realm of Zot.
 65818 | Depths:4 | Killed Farquar's ghost
 65819 | Depths:4 | Reached XP level 24. HP: 79/175 MP: 16/45
 65910 | Depths:4 | Identified the +1 pair of gloves "Biagh" {rPois rCorr
                  | Dex+4}
 66213 | Vaults:5 | Entered Level 5 of the Vaults
 66276 | Vaults:5 | Reached skill level 24 in Stealth
 66276 | Vaults:5 | Reached skill level 10 in Earth Magic
 66636 | Vaults:5 | Got a silver rune of Zot
 66644 | Vaults:5 | Found Gikyhas's Distillery.
 66648 | Vaults:5 | Bought a potion of haste for 140 gold pieces
 66648 | Vaults:5 | Bought a potion of curing for 42 gold pieces
 66648 | Vaults:5 | Bought a potion of brilliance for 56 gold pieces
 66648 | Vaults:5 | Bought a potion of heal wounds for 70 gold pieces
 66677 | Vaults:5 | Found Wazxisch's Magic Scroll Emporium.
 66687 | Vaults:5 | Bought a scroll of blinking for 90 gold pieces
 66687 | Vaults:5 | Bought a scroll of teleportation for 36 gold pieces
 66953 | Vaults:5 | Found Julir's Armour Shoppe.
 66954 | Vaults:5 | Found Famp's Assorted Antiques.
 66990 | Vaults:5 | Bought 3 scrolls of teleportation for 252 gold pieces
 67051 | Vaults:5 | Noticed a dread lich
 67058 | Vaults:5 | Killed a dread lich
 67059 | Vaults:5 | Reached skill level 15 in Earth Magic
 67148 | Vaults:5 | Found Xusast's Book Shoppe.
 67161 | Vaults:5 | Found Hoeban's Distillery.
 67165 | Vaults:5 | Bought a potion of curing for 57 gold pieces
 67165 | Vaults:5 | Bought a potion of magic for 152 gold pieces
 67165 | Vaults:5 | Bought a potion of ambrosia for 152 gold pieces
 67165 | Vaults:5 | Bought a potion of curing for 57 gold pieces
 67165 | Vaults:5 | Bought a potion of enlightenment for 95 gold pieces
 67190 | Vaults:5 | Noticed an ancient lich
 67197 | Vaults:5 | Killed an ancient lich
 67215 | Vaults:5 | Found Eraaf's Distillery.
 67219 | Vaults:5 | Bought a potion of heal wounds for 115 gold pieces
 67219 | Vaults:5 | Bought a potion of heal wounds for 115 gold pieces
 67803 | Vaults:1 | You paid a toll of 16 scrolls of teleportation to enter a
                  | treasure trove
 67804 | Trove    | Entered a treasure trove
 68297 | Elf:2    | Reached XP level 25. HP: 181/181 MP: 25/45
 69067 | Vaults:5 | Bought a scroll of brand weapon for 114 gold pieces
 69136 | Vaults:5 | Bought a scroll of brand weapon for 266 gold pieces
 69497 | Slime:1  | Entered Level 1 of the Pits of Slime
 70076 | Slime:3  | Found a viscous altar of Jiyva.
 70192 | Slime:4  | Reached skill level 25 in Stealth
 70629 | Slime:5  | Entered Level 5 of the Pits of Slime
 71126 | Slime:5  | Noticed the Royal Jelly
 71147 | Slime:5  | Killed the Royal Jelly
 71161 | Slime:5  | Reached skill level 26 in Stealth
 71241 | Slime:5  | Got a slimy rune of Zot
 71244 | Slime:5  | Identified the +11 mace of the Depths {flame, rElec}
 71245 | Slime:5  | Identified the +7 trident of Ledwisen {heavy, Dex+6 Stlth+}
 71259 | Slime:5  | Found the +7 captain's cutlass {speed, disarm}
 71316 | Slime:5  | Got the Parchment of the Whammy and Immolation
 71367 | Slime:5  | Identified the +0 chain mail "Vecaynom" {rN+ rCorr}
 72152 | Slime:5  | Upgraded the game from 0.32-a0-732-ga344392067 to
                  | 0.32-a0-747-gc8563f6773
 72605 | Zot:1    | Entered Level 1 of the Realm of Zot
 72605 | Zot:1    | Noticed an orb of fire
 72614 | Zot:1    | Killed an orb of fire
 72814 | Zot:1    | Noticed Vv
 72827 | Zot:1    | Noticed an orb of fire
 72837 | Zot:1    | HP: 6/181 [orb of fire/bolt of fire (26)]
 72848 | Zot:1    | Killed an orb of fire
 72861 | Zot:1    | Noticed Parghit
 72891 | Zot:1    | Killed Parghit
 73113 | Zot:1    | Killed Vv
 73232 | Zot:1    | Identified the +7 sling "Hell-Harrower" {flame, rF- rN+
                  | Will+}
 73233 | Zot:1    | Got the Parchment of The Black Sun
 73800 | Zot:2    | Reached skill level 27 in Stealth
 73825 | Zot:2    | Reached XP level 26. HP: 49/188 MP: 30/45
 74002 | Zot:2    | Gained mutation: A powerful demonic guardian rushes to your
                  | aid. [demonic ancestry]
 74002 | Zot:2    | Reached XP level 27. HP: 194/194 MP: 30/46
 74338 | Zot:2    | Identified the +5 sling "Sihora" {heavy, Fly rF+ Str+3
                  | Dex+3}
 74510 | Zot:2    | Identified the +0 robe of Ygomu {Rampage}
 74627 | Zot:2    | Learned a level 6 spell: Bombard
 74931 | Zot:2    | Identified the death talisman of the Akabeko {rC+++ MP-9
                  | Str-3 Dex+2}
 77188 | Zot:5    | Entered Level 5 of the Realm of Zot
 77546 | Zot:5    | Noticed an orb of fire
 77547 | Zot:5    | Noticed an orb of fire
 77547 | Zot:5    | Noticed an orb of fire
 77550 | Zot:5    | Noticed an orb of fire
 77551 | Zot:5    | Noticed an ancient lich
 77563 | Zot:5    | Lost mutation: Your muscles are strong. (Str +4, Int/Dex
                  | -1) [an orb of fire]
 77570 | Zot:5    | Gained mutation: Your body sometimes deteriorates upon
                  | taking damage. [an orb of fire]
 77571 | Zot:5    | Killed an orb of fire
 77572 | Zot:5    | Reached skill level 15 in Necromancy
 77577 | Zot:5    | Killed an orb of fire
 77600 | Zot:5    | Killed an orb of fire
 77607 | Zot:5    | Gained mutation: You have sharp toenails. [an orb of fire]
 77608 | Zot:5    | Killed an orb of fire
 77626 | Zot:5    | Killed an ancient lich
 77626 | Zot:5    | Noticed an ancient lich
 77744 | Zot:5    | Noticed an ancient lich
 77746 | Zot:5    | Noticed a dread lich
 77748 | Zot:5    | Killed an ancient lich
 77750 | Zot:5    | Killed an ancient lich
 77757 | Zot:5    | Killed a dread lich
 77786 | Zot:5    | Noticed an ancient lich
 77790 | Zot:5    | Killed an ancient lich
 77800 | Zot:5    | Noticed an ancient lich
 77805 | Zot:5    | Killed an ancient lich
 77857 | Zot:5    | Noticed an ancient lich
 77861 | Zot:5    | Killed an ancient lich
 79209 | Zot:5    | Got the Orb of Zot
 79785 | D:4      | Noticed Oweddyxypt the pandemonium lord
 79890 | D:1      | Noticed Zoenuy the pandemonium lord
 79902 | D:$      | Escaped with the Orb!

Illustrated notes

Levels and vault maps discovered:
D:1:      arrival_aquarium_a, layout_basic, chequers_serial_rivers_micro_e,
          amcnicky_mini_corridor_feature, minmay_misc_feat_chi, chequers_jeans,
          minmay_stone_trees_small, kennysheep_flooded_box
D:2:      layout_rooms, minmay_rat_hole
D:3:      layout_loops_corners, okawaru_ov_weapons_minmay,
          nicolae_tso_carved_into_rock, lemuel_doored_altar,
          shapermc_ecumenical_altar_acropolis
D:4:      layout_layer_cave, kiku_gazebo_garden_becter,
          minmay_overflow_temple_star_quad, minmay_temple_entry_glassed_door,
          minmay_puff
D:5:      layout_cave_pools, mainiacjoe_overflow_alcove_1,
          kennysheep_generic_room_6
D:6:      layout_layer_cave, portal_sewer_entry_b, kennysheep_nondescript,
          uniq_jeremiah
D:7:      layout_cave_pools, nemelex_diamond_rough_becter, enter_bailey_2,
          uniq_maggie, uniq_pikel
D:8:      layout_rooms, mainiacjoe_overflow_small_starburst,
          minmay_lair_entry_grove, dreamdust_deal_with_the_devil,
          grunt_ministairs_7, hangedman_decor_growths
D:9:      kennysheep_blocky_hall, layout_layer_cave, grunt_qazlal_sundering,
          uniq_prince_ribbit1
D:10:     layout_grid_maze, mainiacjoe_overflow_alcove_2, zombieorc2_lemuel,
          uniq_fannar
D:11:     layout_stronghold, uniq_snorg, uniq_lodul
D:12:     layout_layer_cave, serial_shops, nicolae_shop_statue_plus
D:13:     layout_gridville, david_vaults_5
D:14:     layout_grid_maze, elyvilon_altar_1
D:15:     hangedman_depths_entry_try_elsewhere_first, layout_basic,
          nicolae_ru_awakened_eye
Temple:   dpeg_chambers_temple
Lair:1:   layout_cave_pods, portal_ice_cave_entry_ice_simulacra,
          infiniplex_staircase_pool, lemuel_fruit_fields, lemuel_fruit_fields
Lair:2:   layout_long_grid, minmay_snake_entry_guardpost_large, wad_woods_03,
          grunt_megastairs_4, uniq_harold
Lair:3:   layout_roguey, mainiacjoe_shoals_entry_four_pools,
          maelrawn_ghost_gauntlet_escape, chequers_serial_rivers_small_a
Lair:4:   layout_gridlike, grunt_megastairs_2
Lair:5:   minmay_lair_end_enchanted_forest, layout_cave_pods, slime_entry_2,
          grunt_megastairs_5, lemuel_fruit_tree
Shoals:1: cheibrodos_shoals_oceanic_diplomacy, layout_shoals,
          ebering_ghost_disaster_area, nicolae_shop_clearance
Shoals:2: layout_shoals, abandoned_shop, nicolae_tricolors, uniq_donald
Shoals:3: dreamdust_from_the_deep, layout_shoals, nicolae_shop_firing_range
Shoals:4: shoals_end_hangedman, layout_shoals
Snake:1:  layout_rooms, serial_shops, bzr_entry_gold, drop_trap, uniq_roxanne
Snake:2:  layout_onion, uniq_vashnia, uniq_jorgrun
Snake:3:  layout_gridlike
Snake:4:  grunt_snake_rune_serpentine_throne, layout_cave_town, minmay_shop_star
Slime:1:  layout_caves
Slime:2:  layout_caves
Slime:3:  layout_caves, basic_altar, cheibrodos_slime_lost_civilization_6
Slime:4:  layout_caves
Slime:5:  slime_pit_nicolae_block_by_block
Orc:1:    layout_diamond_mine
Orc:2:    st_orc_rangers, layout_caves, basic_altar, uniq_nessos, uniq_maurice
Elf:1:    minmay_elf_arrival_summoners, layout_gridlike, hangedman_elf_disciples
Elf:2:    nicolae_elf_blades_splatter_lattice [nicolae_blade_little_rooms],
          layout_geoelf_diagonals, nicolae_elf_martial_mastery, uniq_agnes,
          uniq_aizul
Elf:3:    minmay_elf_hall_curves, layout_gridlike, mu_enter_wizlab_3, hex_tiny,
          lemuel_flamethrower_3
Vaults:1: nicolae_vaults_little_squares_5, lightli_orcish_oven,
          nicolae_vaults_trapezoid_3, hangedman_vaults_trim,
          nicolae_vaults_trapezoid_lopsided_1, nicolae_vaults_surprise_closet,
          nicolae_vaults_wrenched, nicolae_vaults_shrinking_rooms_2, v_misc_23,
          dpeg_vaults_pockets_of_resistance, v_misc_30, vaults_dpeg_ring,
          v_misc_25, grunt_vaults_hallway_short, nicolae_vaults_tetromino_L_1,
          layout_vaults_ring, trove_entry_hex_spiral
Vaults:2: minmay_crypt_entry_skeletal_spiral, ontoclasm_vaults_pinch,
          nicolae_vaults_network_periphery, nicolae_vaults_what_the_h,
          v_misc_28, ontoclasm_vaults_ring_square, grunt_tower_of_power,
          nicolae_vaults_six-pack, nicolae_vaults_six-pack, vaults_mumra_hex,
          nicolae_vaults_circle_grid_b, layout_vaults_big_room, serial_shops,
          nicolae_shop_tiny_real_fake_doors, uniq_nikola
Vaults:3: hangedman_vaults_nails, v_misc_1, nicolae_vaults_little_squares_6,
          nicolae_vaults_apartment_2, vaults_room_mumra_shop_pool,
          nicolae_vaults_network_s, ontoclasm_vaults_misaligned,
          nicolae_vaults_closet_pinwheel_5, nicolae_vaults_house_2, v_misc_29,
          nicolae_vaults_octothorpe, nicolae_vaults_network_barrier, v_misc_23,
          vaults_room_pools, nicolae_vaults_ring_of_whatevers, v_misc_15,
          ontoclasm_vaults_shuriken, layout_vaults_omnibox
Vaults:4: vaults_mumra_chevron, hangedman_vaults_slice,
          hangedman_vaults_capsules, nicolae_vaults_little_squares_5,
          nicolae_vaults_little_squares_1, serial_ice_h, vaults_room_fours,
          layout_vaults_omnigrid, uniq_boris
Vaults:5
Crypt:1:  layout_misc_corridors, fountainhead
Crypt:2:  layout_catacombs, serial_sigils_hangedman_stare, feat_on_display,
          uniq_zenata, uniq_bai_suzhen
Crypt:3:  church_of_pain_bobbens, layout_chaotic_city,
          lemuel_mausoleum_altar_yredelemnul
Depths:1: layout_gridlike, rand_demon_pan_entry_7, hell_entry,
          lemuel_blue_sif_altar, uniq_saint_roka
Depths:2: minmay_skeleton_keep, layout_cave_shapes, rand_demon_pan_entry_9,
          minivault_14, hell_entry
Depths:3: regret_index_dithmenos_brocken_genspenst, layout_cave_shapes,
          enter_ziggurat_e, hell_entry, dk_noncrumbling_4, serial_shops, shop,
          abyss_entry_flame_altar, hex_medium, moated_statue
Depths:4: evilmike_zot_entry_round, layout_basic, grunt_mini_vestibule,
          pan_entry, serial_shops, nicolae_shop_real_fake_doors,
          gammafunk_ghost_arena
Zot:1:    dreamdust_black_sun_cult, layout_gridlike,
          regret_index_zotdec_tunneler, uniq_parghit, uniq_vv
Zot:2:    regret_index_malice_mire, layout_gridville, bh_zot_lava_cross
Zot:3:    layout_gridlike
Zot:4:    layout_gridlike, regret_index_zotdec_split_disrupt
Zot:5:    layout_onion

Skill      XL: |  1  2  3  4  5  6  7  8  9 10 11 12 13 14 15 16 17 18 19 20 21 22 23 24 25 26 27 |
---------------+----------------------------------------------------------------------------------+-----
Dodging        | 2 3 4 5 6 7 8 9 10 11 | 11.0
Necromancy     | 5 6 7 8 10 12 17 | 17.7
Spellcasting   | 3 4 5 6 7 8 9 11 13 14 15 16 18 19 | 19.5
Conjurations   | 4 7 |  7.8
Summonings     | 1 2 |  2.0
Translocations | 1 2 |  2.0
Alchemy        | 3 6 7 |  7.1
Shields        | 3 5 |  5.0
Earth Magic    | 4 5 6 7 15 | 15.0
Fighting       | 3 5 7 10 11 | 11.0
Armour         | 2 5 7 10 11 | 11.0
Stealth        | 4 5 6 9 10 13 17 20 21 23 24 27 | 27.0
Short Blades   | 3 7 9 10 11 12 14 | 14.1
Fire Magic     | 4 |  4.7
Evocations     | 3 6 9 |  9.0
Air Magic      | 3 8 11 14 16 17 20 | 20.0

Action                     |  1- 3 |  4- 6 |  7- 9 | 10-12 | 13-15 | 16-18 | 19-21 | 22-24 | 25-27 || total
---------------------------+-------+-------+-------+-------+-------+-------+-------+-------+-------++-------
  Melee: Short sword       |    25 |       |       |       |       |       |       |       |       ||    25
         Dagger            |       |    43 |   148 |   499 |   819 |   600 |   230 |    41 |    11 ||  2391
         Rapier            |       |       |       |       |       |       |   164 |       |       ||   164
         Staff             |       |       |       |       |       |       |    70 |    27 |    12 ||   109
         Unarmed           |       |       |       |       |       |       |    19 |       |       ||    19
         Quick blade       |       |       |       |       |       |       |       |       |    97 ||    97
         Cutlass           |       |       |       |       |       |       |       |       |    99 ||    99
  Throw: Stone             |       |     4 |     8 |       |       |       |       |       |       ||    12
         Dart              |       |       |       |     2 |       |     1 |       |       |       ||     3
         Throwing net      |       |       |       |     1 |     1 |       |     1 |       |       ||     3
   Cast: Necrotise         |    65 |    68 |   184 |    91 |       |       |       |       |       ||   408
         Vampiric Draining |     2 |     2 |     4 |    83 |    39 |    22 |    11 |     5 |       ||   168
         Kiss of Death     |       |     1 |       |     1 |       |       |       |       |       ||     2
         Dispel Undead     |       |       |    10 |    44 |    18 |       |   133 |   354 |    21 ||   580
         Animate Dead      |       |       |    12 |    13 |    25 |    31 |    19 |    12 |    25 ||   137
         Magic Dart        |       |       |     1 |   103 |    95 |    22 |     3 |       |       ||   224
         Call Imp          |       |       |       |    61 |    36 |    20 |    25 |     7 |     5 ||   154
         Blink             |       |       |       |     4 |     3 |     4 |     2 |     4 |     7 ||    24
         Sandblast         |       |       |       |    28 |     1 |     7 |       |       |       ||    36
         Stone Arrow       |       |       |       |    12 |    97 |    91 |    41 |    55 |    38 ||   334
         Olgreb's Toxic Ra |       |       |       |       |   144 |   142 |   157 |   109 |    55 ||   607
         Irradiate         |       |       |       |       |     9 |    13 |     3 |       |     7 ||    32
         Petrify           |       |       |       |       |    75 |   137 |    44 |     9 |    14 ||   279
         Sublimation of Bl |       |       |       |       |     1 |     5 |    17 |     8 |       ||    31
         Lee's Rapid Decon |       |       |       |       |     3 |    35 |    28 |    73 |    14 ||   153
         Ignite Poison     |       |       |       |       |       |   208 |   289 |   209 |    84 ||   790
         Maxwell's Capacit |       |       |       |       |       |       |     1 |    41 |   161 ||   203
         Death Channel     |       |       |       |       |       |       |       |    12 |    45 ||    57
         Bombard           |       |       |       |       |       |       |       |       |     7 ||     7
  Evoke: Phial of floods   |       |       |       |       |       |     1 |       |       |     1 ||     2
         Sack of spiders   |       |       |       |       |       |     1 |     3 |     2 |     2 ||     8
         Phantom mirror    |       |       |       |       |       |       |     1 |     2 |       ||     3
         Lightning rod     |       |       |       |       |       |       |     2 |     4 |     2 ||     8
         Tin of tremorston |       |       |       |       |       |       |       |       |     2 ||     2
    Use: Potion            |     5 |       |    10 |     9 |     4 |    12 |     4 |     5 |    38 ||    87
         Scroll            |       |    11 |     9 |    15 |     7 |    14 |     2 |     3 |    31 ||    92
   Stab: Sleeping          |       |       |     2 |     2 |     3 |     7 |    20 |     8 |     3 ||    45
         Invisible         |       |       |     2 |     1 |       |       |       |       |       ||     3
         Distracted        |       |       |     1 |     6 |    18 |     4 |    11 |     2 |     4 ||    46
         Petrified         |       |       |       |       |   124 |   186 |    48 |     2 |    10 ||   370
         Petrifying        |       |       |       |       |     4 |    27 |    18 |       |     3 ||    52
         Held in net/web   |       |       |       |       |       |       |     1 |       |       ||     1
 Armour: Robe              |     1 |       |       |       |       |       |       |       |       ||     1
         Leather armour    |    32 |     9 |       |       |       |       |       |       |       ||    41
         Ring mail         |       |    29 |   162 |       |       |   471 |   457 |   386 |   484 ||  1989
         Skin              |       |       |    19 |       |       |       |     1 |       |       ||    20
         Steam dragon scal |       |       |    37 |   422 |   581 |   141 |       |       |       ||  1181
  Dodge: Dodged            |    10 |    18 |   197 |   512 |   988 |   692 |   490 |   357 |   331 ||  3595
  Block: Buckler           |       |       |       |   145 |   278 |    86 |   239 |   208 |   164 ||  1120

Table legend: (Time is in decaauts)
 A = Elapsed time spent in this place.
 B = Non-inter-level travel time spent in this place.
 C = Inter-level travel time spent in this place.
 D = Time resting spent in this place.
 E = Time spent auto-exploring this place.
 F = Levels seen in this place.
 G = Mean time per level.
                   A        B        C        D        E       F      G
               +--------+--------+--------+--------+--------+-----+--------+
         Total |  79738 |  72651 |   7087 |  12857 |  33495 |  63 | 1265.7 |
       Dungeon |  20961 |  18344 |   2617 |   3143 |   9606 |  15 | 1397.4 |
        Temple |      1 |      1 |      0 |      0 |      0 |   1 |    1.0 |
          Lair |   9064 |   8152 |    912 |   1527 |   3404 |   5 | 1812.8 |
        Shoals |   4984 |   4782 |    202 |    361 |   2970 |   4 | 1246.0 |
     Snake Pit |   6861 |   6610 |    251 |   2280 |   1336 |   4 | 1715.2 |
    Slime Pits |   2720 |   2523 |    197 |    316 |   1066 |   5 |  544.0 |
  Orcish Mines |   2168 |   1613 |    555 |     84 |    859 |   2 | 1084.0 |
   Elven Halls |   5799 |   5141 |    658 |    962 |   2645 |   3 | 1933.0 |
        Vaults |   8846 |   7938 |    908 |   1284 |   3943 |   5 | 1769.2 |
         Crypt |   4370 |   4250 |    120 |    902 |   2235 |   3 | 1456.7 |
        Depths |   4693 |   4324 |    369 |    469 |   2380 |   4 | 1173.2 |
           Zot |   6678 |   6384 |    294 |    947 |   2746 |   5 | 1335.6 |
         Abyss |    450 |    450 |      0 |      0 |     63 |   1 |  450.0 |
        Bazaar |     83 |     83 |      0 |      0 |     47 |   1 |   83.0 |
         Trove |     92 |     92 |      0 |      0 |     66 |   1 |   92.0 |
         Sewer |    386 |    386 |      0 |     37 |     12 |   1 |  386.0 |
        Bailey |    833 |    833 |      0 |    395 |     70 |   1 |  833.0 |
      Ice Cave |     23 |     23 |      0 |      0 |      0 |   1 |   23.0 |
        Wizlab |    716 |    716 |      0 |    149 |     46 |   1 |  716.0 |
               +--------+--------+--------+--------+--------+-----+--------+

Top non-repeatable levels by time:
    D:10: 2962 daAuts
 Snake:4: 2951 daAuts
   Elf:3: 2915 daAuts
     D:9: 2368 daAuts
Vaults:2: 2182 daAuts
  Lair:3: 2087 daAuts
  Lair:1: 2086 daAuts
    D:12: 2076 daAuts
   Zot:5: 1934 daAuts
  Lair:2: 1924 daAuts
Vaults:3: 1879 daAuts
 Crypt:3: 1776 daAuts
  Lair:5: 1695 daAuts
 Snake:1: 1694 daAuts
Vaults:4: 1627 daAuts
